 Dungeon Crawl Stone Soup version 0.30-a0-726-gd89dcf765f (webtiles) character file.

Game seed: 6147574669196157017

682 M4edhros the Grappler (level 7, -8/46 HPs)
             Began as an Octopode Fighter on Jan 29, 2023.
             Killed from afar by an orc wizard (10 damage)
             ... with a magic dart
             ... on level 5 of the Dungeon.
             The game lasted 00:03:14 (3567 turns).

M4edhros the Grappler (Octopode Fighter)            Turns: 3567, Time: 00:03:14

Health: -8/46      AC:  1    Str: 20    XL:     7   Next: 61%
Magic:  7/7        EV: 13    Int:  9    God:
Gold:   131        SH:  0    Dex: 12    Spells: 6/6 levels left

rFire   + . .      SeeInvis .      - Unarmed
rCold   + . .      Faith    .    a - +0 buckler
rNeg    . . .      Spirit   .    (helmet restricted)
rPois   +          Reflect  .    (no amulet)
rElec   +          Harm     .    (no ring)
rCorr   +          Rampage  .    (no ring)
Will    .....                    (no ring)
Stlth   ++                       (no ring)
HPRegen 0.27/turn                (no ring)
MPRegen 0.10/turn                (no ring)
                                 (no ring)
                                 (no ring)

@: confused, resistant
A: almost no armour, amphibious, 8 rings, camouflage 1, gelatinous body 1,
(nimble swimmer 1), tentacles, strong 1, no potion heal 1
a: no special abilities


You were on level 5 of the Dungeon.
You visited 1 branch of the dungeon, and saw 6 of its levels.

You collected 175 gold pieces.
You spent 44 gold pieces at shops.

Inventory:

Armour
 a - a +0 buckler (worn)
Jewellery
 n - an amulet of reflection
Scrolls
 c - a scroll of enchant armour {unknown}
 e - a scroll of teleportation {unknown}
 h - 2 scrolls of identify {unknown}
 j - a scroll of amnesia {unknown}
 k - a scroll of fear
 l - a scroll of poison {unknown}
 m - a scroll of magic mapping {unknown}


   Skills:
 - Level 3.0 Fighting
 - Level 3.0 Dodging
 - Level 3.0 Shields
 + Level 8.3 Unarmed Combat


You had 6 spell levels left.
You didn't know any spells.
Your spell library contained the following spells:

 Spells                   Type           Power      Damage    Failure   Level
 Sandblast                Erth           0%         2d4       47%         1
 Ensorcelled Hibernation  Hex/Ice        0%         N/A       63%         2
 Passwall                 Tmut/Erth      0%         N/A       63%         2
 Inner Flame              Hex/Fire       0%         N/A       85%         3
 Spider Form              Tmut/Pois      0%         N/A       85%         3
 Stone Arrow              Conj/Erth      0%         3d7       85%         3
 Swiftness                Air            0%         N/A       85%         3
 Anguish                  Hex/Necr       0%         N/A       99%         4
 Cause Fear               Hex            0%         N/A       99%         4
 Discord                  Hex            0%         N/A       100%        8


Dungeon Overview and Level Annotations

Branches:
Dungeon (6/15)
 Temple: D:4-7

Altars:
Elyvilon

Shops:
D:4 ?

Annotations:
D:2 Natasha


Innate Abilities, Weirdness & Mutations

You cannot wear most types of armour.
You are amphibious.
You can wear up to eight rings at the same time.
Your skin changes colour to match your surroundings (Stealth+).
Your rubbery body absorbs attacks. (AC +1, EV +1)
((You are camouflaged when in or above water. (Stealth+)))
You have tentacles for arms and can constrict up to eight enemies at once.
Your muscles are strong. (Str +4, Int/Dex -1)
Potions are less effective at restoring your health.


Message History

Deactivating autopickup; reactivate with Ctrl-A.
You closely miss something.
Your tentacle-slap misses something.
Your squeeze misses something. You tentacle-slap something.
You hear some strange, mumbled words.
A puff of flame appears from out of thin air!
The puff of flame hits you!
* * * LOW HITPOINT WARNING * * *
It was a potion of resistance.
You feel protected. Something hits you.
* * * LOW HITPOINT WARNING * * *
Your system partially rejects the healing.
You feel better.
You hear some strange, mumbled words.
A magic dart appears from out of thin air!
The magic dart hits you.
* * * LOW HITPOINT WARNING * * *
Your system partially rejects the healing.
You feel better.
You hear some strange, mumbled words.
Something tries to affect you, but you resist.
You tentacle-slap something but do no damage.
You hear some strange, mumbled words.
You are confused.
Something hits you.
* * * LOW HITPOINT WARNING * * *
Things that are here:
a +0 hand axe; a potion of curing You hear some strange, mumbled words.
A puff of flame appears from out of thin air!
The puff of flame hits you. You resist.
* * * LOW HITPOINT WARNING * * *
Things that are here:
a +0 falchion; a +0 ring mail You bump into the rock wall.
You hear some strange, mumbled words.
A magic dart appears from out of thin air!
The magic dart hits you!
You die...

######...#
#.......?###
#.......... #
#.........#.#
#........?#.####
#.....<.........
......))..# .#
..[.....{.##.#
#..######@...# #
#......#####.# #
#.)..........#
.##..##..........#
...........>.###.#
####..#..........#
##....##.######
####..#.# ##.#.#


There were no monsters in sight!

Vanquished Creatures
  An ice beast (D:5)
  A black bear (D:5)
  A phantom (D:4)
  A scorpion (D:4)
  A jelly (D:4)
  An orc priest (D:5)
  3 hounds
  An iguana (D:4)
  2 orc wizards
  Terence (D:3)
  Natasha (D:2)
  2 adders (D:4)
  A worm (D:3)
  7 orcs
  5 ball pythons
  4 bats
  5 endoplasms
  4 giant cockroaches
  7 goblins
  10 hobgoblins
  12 kobolds
  2 quokkas (D:1)
  A frilled lizard (D:3)
  4 rats
78 creatures vanquished.

Notes
Turn   | Place    | Note
-------+----------+-------------------------------------------
     0 | D:1      | M4edhros the Octopode Fighter began the quest for the Orb.
     0 | D:1      | Reached XP level 1. HP: 16/16 MP: 1/1
    51 | D:1      | Reached XP level 2. HP: 12/21 MP: 2/2
   159 | D:1      | Reached skill level 3 in Unarmed Combat
   218 | D:1      | Reached XP level 3. HP: 15/26 MP: 3/3
   822 | D:2      | Found a faded altar of an unknown god.
  1226 | D:2      | Reached skill level 4 in Unarmed Combat
  1358 | D:2      | Noticed Natasha
  1363 | D:2      | Killed Natasha
  1364 | D:2      | Reached XP level 4. HP: 27/31 MP: 4/4
  1464 | D:2      | Noticed Natasha
  1627 | D:3      | Noticed Terence
  1633 | D:3      | Killed Terence
  2145 | D:4      | Noticed a scorpion
  2152 | D:4      | Killed a scorpion
  2153 | D:4      | Reached skill level 5 in Unarmed Combat
  2153 | D:4      | Reached XP level 5. HP: 28/36 MP: 5/5
  2293 | D:4      | Reached skill level 6 in Unarmed Combat
  2293 | D:4      | Reached XP level 6. HP: 12/42 MP: 6/6
  2450 | D:4      | Found a white marble altar of Elyvilon.
  2779 | D:4      | Found Biunuto's Magic Scroll Shop.
  2814 | D:4      | Bought a scroll of fear for 44 gold pieces
  2857 | D:4      | Reached skill level 7 in Unarmed Combat
  3235 | D:5      | Entered Level 5 of the Dungeon
  3253 | D:5      | Reached XP level 7. HP: 41/46 MP: 7/7
  3281 | D:6      | Gained mutation: Potions are less effective at restoring
                  | your health. [potion of mutation]
  3281 | D:6      | Gained mutation: Your muscles are strong. (Str +4, Int/Dex
                  | -1) [potion of mutation]
  3550 | D:5      | Reached skill level 8 in Unarmed Combat
  3560 | D:5      | HP: 1/46 [something/magic dart (6)]
  3565 | D:5      | HP: 2/46 [something/puff of flame (2)]
  3567 | D:5      | Killed from afar by an orc wizard

Illustrated notes

Levels and vault maps discovered:
D:1:      co_arrival_random_square_maze, layout_basic
D:2:      layout_loops_ring, chequers_ecumenical_altar_simple,
          chequers_serial_rivers_small_a, uniq_natasha
D:3:      layout_basic, serial_bayou, serial_bayou_pond_e, serial_bayou_shore_b,
          serial_bayou_shore_a, serial_bayou_pond_b, uniq_terence
D:4:      layout_basic, mainiacjoe_overflow_chevrons, serial_shops,
          nicolae_diamond_shop
D:5:      layout_basic, gup_sewer_entry_bubbles
D:6:      layout_loops_cross, minmay_temple_entry_ruins

Skill      XL: |  1  2  3  4  5  6  7 |
---------------+----------------------+-----
Unarmed Combat | 3 4 5 6 7 8 |  8.3
Fighting       | |  3.0
Dodging        | |  3.0
Shields        | |  3.0

Action                     |  1- 3 |  4- 6 |  7- 9 || total
---------------------------+-------+-------+-------++-------
  Melee: Unarmed           |    85 |    72 |    32 ||   189
         Constrict         |    22 |    20 |     3 ||    45
         Tentacles         |    16 |    17 |     6 ||    39
         Punch             |       |     4 |     2 ||     6
    Use: Potion            |       |     1 |     7 ||     8
         Scroll            |       |       |     1 ||     1
   Stab: Sleeping          |    10 |     7 |       ||    17
 Armour: Skin              |     9 |     2 |     8 ||    19
  Dodge: Dodged            |    42 |    26 |    10 ||    78
  Block: Buckler           |    10 |    10 |     3 ||    23

Table legend: (Time is in decaauts)
 A = Elapsed time spent in this place.
 B = Non-inter-level travel time spent in this place.
 C = Inter-level travel time spent in this place.
 D = Time resting spent in this place.
 E = Time spent auto-exploring this place.
 F = Levels seen in this place.
 G = Mean time per level.
                   A        B        C        D        E       F      G
               +--------+--------+--------+--------+--------+-----+--------+
         Total |   3553 |   3456 |     97 |     78 |   2847 |   6 |  592.2 |
       Dungeon |   3553 |   3456 |     97 |     78 |   2847 |   6 |  592.2 |
               +--------+--------+--------+--------+--------+-----+--------+

Top non-repeatable levels by time:
     D:4: 1087 daAuts
     D:1: 819 daAuts
     D:3: 674 daAuts
     D:2: 645 daAuts
     D:6: 168 daAuts
     D:5: 158 daAuts
